[Event "Rated Blitz tournament GwDkOwzN"]
[Site "?"]
[Date "2021.05.14"]
[Round "?"]
[White "etecsa"]
[Black "ArpsOrtiz"]
[Result "1-0"]
[ECO "C46"]
[WhiteElo "2453"]
[BlackElo "2302"]
[PlyCount "93"]
[EventDate "2021.??.??"]
[EventType "blitz"]
[TimeControl "180"]

1. e4 e5 2. Nc3 Nf6 3. Nf3 Nc6 4. Nxe5 Nxe5 5. d4 Nc6 6. e5 d5 7. exf6 gxf6 8.
Be3 Be6 9. Be2 Be7 10. Qd2 Qd7 11. O-O-O O-O-O 12. Kb1 Kb8 13. Na4 Rhg8 14. g3
Ne5 15. dxe5 Qxa4 16. b3 Qa3 17. exf6 Bxf6 18. Bd4 Bxd4 19. Qxd4 a6 20. f4 Bf5
21. Rd2 Rge8 22. Bd3 Bxd3 23. Rxd3 Re2 24. Rhd1 c6 25. f5 Qe7 26. g4 Re1 27. f6
Rxd1+ 28. Rxd1 Qe6 29. g5 Re8 30. Qc5 Qe2 31. Qd6+ Ka8 32. Rd3 Qf1+ 33. Kb2 Re1
34. Qf8+ Ka7 35. Qc5+ Kb8 36. Re3 Rxe3 37. Qxe3 Qf5 38. h4 Qd7 39. Qe7 Kc7 40.
Qf8 Qe6 41. c3 c5 42. Qxc5+ Kd7 43. Qb4 b5 44. Qd4 Qe2+ 45. Ka3 Ke6 46. c4 Qc2
47. Qxd5# {Normal} 1-0

[Event "Rated Blitz tournament oU8DavII"]
[Site "?"]
[Date "2021.05.13"]
[Round "?"]
[White "Starinov"]
[Black "PJatoba"]
[Result "1-0"]
[ECO "C46"]
[WhiteElo "2433"]
[BlackElo "2355"]
[PlyCount "29"]
[EventDate "2021.??.??"]
[EventType "blitz"]
[TimeControl "180"]

1. e4 e5 2. Nf3 Nc6 3. Nc3 Nf6 4. Nxe5 Nxe5 5. d4 Bb4 6. dxe5 Nxe4 7. Qg4 d5 8.
Qxg7 Rf8 9. a3 Ba5 10. Bh6 Qe7 11. Qxf8+ Qxf8 12. Bxf8 Nxc3 13. Bb4 Bxb4 14.
axb4 Ne4 15. Bd3 {Normal} 1-0

[Event "Rated Blitz game"]
[Site "?"]
[Date "2021.05.13"]
[Round "?"]
[White "GoughPhar"]
[Black "kucks1"]
[Result "0-1"]
[ECO "C46"]
[WhiteElo "2410"]
[BlackElo "2409"]
[PlyCount "136"]
[EventDate "2021.??.??"]
[EventType "blitz"]
[TimeControl "180"]

1. e4 e5 2. Nf3 Nc6 3. Nc3 Nf6 4. Nxe5 Nxe5 5. d4 Ng6 6. e5 Ng8 7. Bc4 d5 8.
Bxd5 c6 9. Bb3 Bb4 10. Qf3 Be6 11. Bxe6 fxe6 12. O-O N8e7 13. Ne4 Nf5 14. c3
Be7 15. Qe2 O-O 16. f4 Qd5 17. g4 Nfh4 18. b4 b5 19. Bd2 a5 20. a3 axb4 21.
axb4 Rxa1 22. Rxa1 Nxf4 23. Bxf4 Rxf4 24. Ra8+ Bf8 25. Ng5 Nf3+ 26. Nxf3 Qxf3
27. Qxf3 Rxf3 28. Re8 Kf7 29. Rc8 Rxc3 30. Kf2 Be7 31. Rc7 Ke8 32. g5 g6 33. h4
Rc4 34. Ke3 Kd8 35. Ra7 Rxb4 36. Ra8+ Kd7 37. Ra7+ Ke8 38. Rc7 Rc4 39. Kd3 Kf7
40. Rb7 Rc1 41. Rc7 b4 42. Rb7 Rh1 43. Rc7 Rh3+ 44. Ke4 Rxh4+ 45. Ke3 Rh3+ 46.
Ke4 b3 47. Rxc6 b2 48. Rb6 Ba3 49. d5 exd5+ 50. Kxd5 Rd3+ 51. Ke4 Rd1 52. e6+
Ke7 53. Ke5 Re1+ 54. Kf4 b1=Q 55. Rxb1 Rxb1 56. Kg4 Rb5 57. Kh4 Kxe6 58. Kh3
Rb3+ 59. Kh4 Be7 60. Kg4 Rb4+ 61. Kh3 Bxg5 62. Kg3 Kf5 63. Kh3 Rb3+ 64. Kg2 Kf4
65. Kh2 Rb2+ 66. Kg1 Kf3 67. Kh1 Kg3 68. Kg1 Rb1# {Normal} 0-1

[Event "Rated Blitz game"]
[Site "?"]
[Date "2021.05.13"]
[Round "?"]
[White "hannfff"]
[Black "shazlychess"]
[Result "1-0"]
[ECO "C46"]
[WhiteElo "2292"]
[BlackElo "2401"]
[PlyCount "33"]
[EventDate "2021.??.??"]
[EventType "blitz"]
[TimeControl "180+2"]

1. e4 e5 2. Nf3 Nc6 3. Nc3 Nf6 4. Nxe5 Nxe5 5. d4 Nc6 6. d5 Nb8 7. e5 Ng8 8. d6
a6 9. Bc4 cxd6 10. exd6 Qf6 11. Qe2+ Kd8 12. Ne4 Qe5 13. f4 Qd4 14. Be3 Qxb2
15. O-O Nh6 16. Rab1 Qa3 17. Bb6+ {Normal} 1-0

[Event "Rated Blitz game"]
[Site "?"]
[Date "2021.05.13"]
[Round "?"]
[White "Crazyrazor"]
[Black "TamirEhirit"]
[Result "1-0"]
[ECO "C46"]
[WhiteElo "2507"]
[BlackElo "2370"]
[PlyCount "49"]
[EventDate "2021.??.??"]
[EventType "blitz"]
[TimeControl "180"]

1. Nc3 e5 2. e4 Nc6 3. Nf3 Nf6 4. Nxe5 Nxe5 5. d4 Nc6 6. d5 Nb8 7. f4 d6 8. e5
dxe5 9. fxe5 Ng4 10. Bf4 Nxe5 11. Bxe5 Qe7 12. Qe2 Na6 13. O-O-O f6 14. Bg3
Qxe2 15. Bxe2 Bd6 16. Bb5+ Bd7 17. Rhe1+ Kd8 18. Bxd6 cxd6 19. Bxa6 bxa6 20.
Ne4 Bg4 21. Rd3 Kd7 22. Rg3 f5 23. Ng5 h5 24. h3 f4 25. Rb3 {Normal} 1-0

[Event "Rated Blitz game"]
[Site "?"]
[Date "2021.05.13"]
[Round "?"]
[White "modernpetrosian"]
[Black "Laknu"]
[Result "0-1"]
[ECO "C46"]
[WhiteElo "2442"]
[BlackElo "2354"]
[PlyCount "112"]
[EventDate "2021.??.??"]
[EventType "blitz"]
[TimeControl "180"]

1. e4 e5 2. Nf3 Nf6 3. Nc3 Nc6 4. Nxe5 Nxe5 5. d4 Ng6 6. e5 Ng8 7. Bc4 d5 8.
Bxd5 c6 9. Bb3 Be6 10. O-O Bxb3 11. axb3 N8e7 12. Bg5 Qd7 13. Ne4 Nf5 14. c3 h6
15. Bd2 Qd5 16. Qf3 Ngh4 17. Qe2 Qxb3 18. g3 Ng6 19. g4 Nfh4 20. f4 Be7 21. f5
Nf8 22. f6 Bd8 23. fxg7 Rg8 24. gxf8=Q+ Kxf8 25. Bxh6+ Ke8 26. Nd6+ Kd7 27.
Rxf7+ Be7 28. Raf1 Qe6 29. h3 Qxh6 30. R1f6 Qc1+ 31. Rf1 Qg5 32. Ne4 Qg6 33.
Nf6+ Kd8 34. Nxg8 Qxg8 35. Qc4 Qg5 36. Qe6 Rc8 37. Rf8+ Kc7 38. R8f7 Kb6 39.
Rxe7 Qe3+ 40. Rf2 Rf8 41. Ref7 Qg3+ 42. Kf1 Qxh3+ 43. Ke1 Qe3+ 44. Kd1 Rxf7 45.
Rxf7 Nf3 46. Qb3+ Ka5 47. Qa4+ Kxa4 48. Rxf3 Qxf3+ 49. Kc2 Qxg4 50. Kc1 Kb3 51.
Kd2 Qf3 52. Ke1 Kxb2 53. Kd2 Kb3 54. c4 Kxc4 55. Ke1 Kxd4 56. Kd2 Kxe5 {
Time forfeit} 0-1

[Event "Rated Blitz game"]
[Site "?"]
[Date "2021.05.12"]
[Round "?"]
[White "forbiddencheapos"]
[Black "Ion_Nicolescu"]
[Result "1-0"]
[ECO "C46"]
[WhiteElo "2418"]
[BlackElo "2274"]
[PlyCount "33"]
[EventDate "2021.??.??"]
[EventType "blitz"]
[TimeControl "300"]

1. e4 Nf6 2. Nc3 e5 3. Nf3 Nc6 4. Nxe5 Nxe5 5. d4 Ng6 6. e5 Ng8 7. Bc4 d6 8.
Qf3 Qe7 9. Nd5 Qd7 10. O-O dxe5 11. dxe5 Nxe5 12. Re1 Bd6 13. Bf4 f6 14. Rad1
Qg4 15. Bxe5 Bxe5 16. Nxc7+ Ke7 17. Rxe5+ {Normal} 1-0

[Event "Rated Blitz game"]
[Site "?"]
[Date "2021.05.12"]
[Round "?"]
[White "Salimskyi"]
[Black "HannHagen"]
[Result "0-1"]
[ECO "C46"]
[WhiteElo "2490"]
[BlackElo "2446"]
[PlyCount "138"]
[EventDate "2021.??.??"]
[EventType "blitz"]
[TimeControl "180"]

1. e4 e5 2. Nf3 Nc6 3. Nc3 Nf6 4. Nxe5 Nxe5 5. d4 Nc6 6. d5 Bb4 7. dxc6 Nxe4 8.
Qd4 Qe7 9. Be3 O-O 10. cxd7 Bxd7 11. Bd3 Nxc3 12. bxc3 c5 13. Qe4 Qxe4 14. Bxe4
Bxc3+ 15. Ke2 Bb5+ 16. Kf3 Bxa1 17. Rxa1 Bc6 18. Bxc6 bxc6 19. Bxc5 Rfb8 20.
Bd4 Rd8 21. Bc3 Rab8 22. Re1 Rd7 23. Re5 f6 24. Rc5 Rb6 25. Ke2 Ra6 26. Kf3 Kf7
27. a4 Ke6 28. a5 Rd5 29. Rc4 c5 30. g4 Rc6 31. h4 a6 32. Ke2 h5 33. f3 g5 34.
hxg5 Rxg5 35. gxh5 Rxh5 36. Rg4 Kd5 37. Kd3 Rh3 38. Rf4 c4+ 39. Ke3 Rh6 40.
Rf5+ Ke6 41. Ke4 Rh4+ 42. f4 Rh1 43. Rxf6+ Kd7 44. Rf7+ Ke8 45. Rb7 Rc1 46. Kd5
Rc8 47. Ke6 Rxc2 48. Rh7 Re2+ 49. Be5 Rc6+ 50. Kd5 Rg6 51. f5 Rd2+ 52. Kxc4 Rg5
53. Rh8+ Kf7 54. Rh7+ Kg8 55. Rh8+ Kf7 56. Rh7+ Ke8 57. Ra7 Rxf5 58. Bc7 Kf7
59. Rxa6 Rc2+ 60. Kb4 Rxc7 61. Rb6 Re7 62. Rb8 Rf6 63. Rb7 Rfe6 64. Rxe7+ Rxe7
65. Kb5 Re5+ 66. Kb6 Re4 67. Ka7 Re3 68. a6 Rb3 69. Ka8 Ra3 {Time forfeit} 0-1

[Event "Rated Blitz game"]
[Site "?"]
[Date "2021.05.11"]
[Round "?"]
[White "Niemans"]
[Black "garnek123"]
[Result "0-1"]
[ECO "C46"]
[WhiteElo "2361"]
[BlackElo "2448"]
[PlyCount "146"]
[EventDate "2021.??.??"]
[EventType "blitz"]
[TimeControl "180"]

1. e4 e5 2. Nf3 Nc6 3. Nc3 Nf6 4. Nxe5 Nxe5 5. d4 Ng6 6. e5 Ng8 7. Bc4 d5 8.
Bxd5 c6 9. Be4 Nh4 10. Qd3 Ne7 11. Bg5 Nhg6 12. f4 Qd7 13. O-O-O h6 14. Bxe7
Nxe7 15. Rhf1 g6 16. d5 cxd5 17. Bxd5 Nxd5 18. Nxd5 Bg7 19. f5 gxf5 20. Qg3 Kf8
21. Nb6 axb6 22. Rxd7 Bxd7 23. Rd1 Be6 24. a3 Kg8 25. Rd6 Kh7 26. Qc3 Rac8 27.
Qd4 Rc6 28. c3 Rxd6 29. Qxd6 b5 30. Kd2 Rc8 31. Ke3 Rc4 32. g3 Re4+ 33. Kf2
Rxe5 34. Qc7 Rd5 35. Qxb7 Rd2+ 36. Ke3 Rxb2 37. a4 Bxc3 38. axb5 Bd2+ 39. Kd3
Be1 40. b6 Bf2 41. g4 Rxb6 42. Qf3 Rd6+ 43. Ke2 Bh4 44. gxf5 Bc4+ 45. Ke3 Bg5+
46. Kf2 Bh4+ 47. Kg1 Bd5 48. Qf4 Be7 49. f6 Bf8 50. Qf5+ Kh8 51. Qg4 Rxf6 52.
Qd4 Bg7 53. Qxd5 Rg6+ 54. Kh1 Re6 55. Qd8+ Kh7 56. Qd3+ Rg6 57. Qf5 Kg8 58. h4
Bf8 59. h5 Rg5 60. Qf6 Rxh5+ 61. Kg2 Rg5+ 62. Kh1 Rg6 63. Qf5 Bg7 64. Kh2 Rf6
65. Qc8+ Kh7 66. Qc2+ Rg6 67. Qc8 h5 68. Qc2 h4 69. Qd1 Bf6 70. Qh5+ Kg7 71.
Qf5 Bg5 72. Qf3 Be7 73. Qh5 Bd6+ {Time forfeit} 0-1

[Event "Rated Blitz game"]
[Site "?"]
[Date "2021.05.11"]
[Round "?"]
[White "forbiddencheapos"]
[Black "cantorypoeta"]
[Result "0-1"]
[ECO "C46"]
[WhiteElo "2420"]
[BlackElo "2361"]
[PlyCount "60"]
[EventDate "2021.??.??"]
[EventType "blitz"]
[TimeControl "300"]

1. e4 e5 2. Nf3 Nc6 3. Nc3 Nf6 4. Nxe5 Nxe5 5. d4 Ng6 6. e5 Ng8 7. Bc4 d6 8.
Qf3 Qd7 9. O-O c6 10. a4 dxe5 11. Re1 Qf5 12. Qe2 Be6 13. dxe5 O-O-O 14. Bd3
Qg4 15. f3 Bc5+ 16. Kh1 Qd4 17. Bg5 N8e7 18. a5 Nf4 19. Bxf4 Qxf4 20. Ra4 Rd4
21. g3 Qh6 22. Raa1 Nf5 23. Qg2 Rhd8 24. Ne4 Be7 25. Qf2 Kb8 26. a6 b6 27. f4
Bd5 28. Kg1 Bxe4 29. Bxe4 Bc5 30. Bxf5 Rd2 {Normal} 0-1

[Event "Rated Blitz game"]
[Site "?"]
[Date "2021.05.11"]
[Round "?"]
[White "GoughPhar"]
[Black "miguelho67"]
[Result "0-1"]
[ECO "C46"]
[WhiteElo "2416"]
[BlackElo "2494"]
[PlyCount "56"]
[EventDate "2021.??.??"]
[EventType "blitz"]
[TimeControl "180"]

1. e4 e5 2. Nf3 Nc6 3. Nc3 Nf6 4. Nxe5 Nxe5 5. d4 Ng6 6. e5 Be7 7. Bc4 d5 8.
exf6 Bxf6 9. Bxd5 O-O 10. O-O c6 11. Bb3 Bxd4 12. Qf3 Bf6 13. Rd1 Qa5 14. Bd2
Qb6 15. Ne4 Be5 16. Be3 Qc7 17. Bc5 Re8 18. Ng5 Nh8 19. Re1 h6 20. Rxe5 Rxe5
21. Bd6 Qxd6 22. Nxf7 Nxf7 23. Qxf7+ Kh7 24. Qg8+ Kg6 25. Bf7+ Kf6 26. f4 Re7
27. Bh5 Qc5+ 28. Kh1 Qxh5 {Normal} 0-1

[Event "Rated Blitz game"]
[Site "?"]
[Date "2021.05.11"]
[Round "?"]
[White "forbiddencheapos"]
[Black "ElCidCampeador"]
[Result "1-0"]
[ECO "C46"]
[WhiteElo "2422"]
[BlackElo "2329"]
[PlyCount "167"]
[EventDate "2021.??.??"]
[EventType "blitz"]
[TimeControl "300"]

1. e4 e5 2. Nf3 Nc6 3. Nc3 Nf6 4. Nxe5 Nxe5 5. d4 Ng6 6. e5 Ng8 7. Bc4 d6 8.
Qf3 Qd7 9. O-O c6 10. a4 d5 11. Nxd5 b5 12. axb5 cxd5 13. Bxd5 Nh4 14. Qe4 Qg4
15. Bc6+ Ke7 16. Qxg4 Bxg4 17. Bg5+ f6 18. Bxh4 Rd8 19. Rxa7+ Ke6 20. exf6 Nxf6
21. Re1+ Kf5 22. Re5+ Kg6 23. Rg5+ Kh6 24. Rxg4 Nxg4 25. Bxd8 Bd6 26. Bh4 Bxh2+
27. Kf1 g5 28. Bg3 Bxg3 29. fxg3 Rf8+ 30. Ke1 Ne3 31. Be4 g4 32. Rxh7+ Kg5 33.
Ke2 Nc4 34. b3 Nd6 35. Rg7+ Kh5 36. Bd3 Re8+ 37. Kd2 Rf8 38. Rd7 Nc8 39. Ke1
Re8+ 40. Kf1 Rf8+ 41. Kg1 Re8 42. Rc7 Nd6 43. b6 Rb8 44. Rc6 Rd8 45. c3 Kg5 46.
b4 Rd7 47. Rc7 Rd8 48. b7 Rb8 49. Ba6 Kf5 50. Rc8 Rxb7 51. Bxb7 Nxb7 52. c4 Ke4
53. d5 Kd4 54. Rc6 Nd8 55. Rc5 Nb7 56. d6 Nd8 57. d7 Ne6 58. d8=Q+ Nxd8 59.
Rd5+ Kxc4 60. Rxd8 Kxb4 61. Rd4+ Kc5 62. Rxg4 Kd5 63. Rf4 Ke5 64. Rf3 Ke4 65.
g4 Ke5 66. g5 Ke4 67. g6 Ke5 68. g7 Ke4 69. g8=Q Ke5 70. Qe8+ Kd4 71. Qe3+ Kc4
72. Rf4+ Kd5 73. Qe4+ Kd6 74. Rf6+ Kc5 75. Rf5+ Kd6 76. Qe5+ Kd7 77. Rf7+ Kc6
78. Rf6+ Kd7 79. Qe6+ Kc7 80. Rf7+ Kd8 81. Qe7+ Kc8 82. Qd7+ Kb8 83. Qc7+ Ka8
84. Qb7# {Normal} 1-0

[Event "Rated Blitz tournament CNEPdL7o"]
[Site "?"]
[Date "2021.05.11"]
[Round "?"]
[White "kpa74"]
[Black "Robin_Good_chess"]
[Result "0-1"]
[ECO "C46"]
[WhiteElo "2309"]
[BlackElo "2406"]
[PlyCount "82"]
[EventDate "2021.??.??"]
[EventType "blitz"]
[TimeControl "180"]

1. e4 e5 2. Nf3 Nc6 3. Nc3 Nf6 4. Nxe5 Nxe5 5. d4 Ng6 6. e5 Ng8 7. Bc4 c6 8.
Qf3 Qe7 9. O-O b5 10. Bb3 Nh4 11. Qh5 g6 12. Qe2 d5 13. Bxd5 cxd5 14. Nxd5 Qb7
15. Qe4 Nf5 16. c3 Rb8 17. f3 Be6 18. Nf4 Qxe4 19. fxe4 Nfe7 20. d5 Bd7 21. Be3
Bg7 22. Bxa7 Ra8 23. Bd4 f5 24. exf6 Bxf6 25. e5 Bg7 26. b3 Bf5 27. d6 Nc6 28.
Nd5 Rc8 29. Nc7+ Rxc7 30. dxc7 Kd7 31. e6+ Kxc7 32. Bxg7 Bxe6 33. Bxh8 Nge7 34.
Rf8 Nd5 35. Re1 Bf5 36. Be5+ Nxe5 37. Rxe5 Kd6 38. Ree8 Nxc3 39. Rd8+ Kc5 40.
Rd2 b4 41. h3 Ne4 {Time forfeit} 0-1

[Event "Rated Blitz game"]
[Site "?"]
[Date "2021.05.10"]
[Round "?"]
[White "Nezhmetdinov_Student"]
[Black "Golubovsky_Max"]
[Result "1-0"]
[ECO "C46"]
[WhiteElo "2349"]
[BlackElo "2432"]
[PlyCount "123"]
[EventDate "2021.??.??"]
[EventType "blitz"]
[TimeControl "180"]

1. e4 e5 2. Nf3 Nf6 3. Nc3 Nc6 4. Nxe5 Nxe5 5. d4 Ng6 6. e5 Ng8 7. f4 d6 8. Be3
Nh6 9. Bd3 Ng4 10. Bg1 dxe5 11. fxe5 Nf4 12. Be4 Bb4 13. Qf3 Bxc3+ 14. bxc3 Ng6
15. h3 Nh6 16. Be3 Qd7 17. O-O Nh4 18. Qh5 N4f5 19. Bf2 g6 20. Qg5 Qe7 21. Qd2
Ng8 22. g4 Ng7 23. Rab1 h5 24. Bxb7 Bxb7 25. Rxb7 hxg4 26. h4 Nf5 27. Qf4 Nxh4
28. Qxg4 Qg5 29. Qxg5 Nf3+ 30. Kg2 Nxg5 31. Rxc7 Ne7 32. Rb1 Ne6 33. Rcb7 Nf5
34. d5 Nd8 35. Rb8 Rxb8 36. Rxb8 Kd7 37. Bxa7 Kc7 38. d6+ Kd7 39. Bb6 Ng7 40.
c4 Nge6 41. c5 Rh5 42. Bxd8 Rg5+ 43. Bxg5 Nxg5 44. Rb7+ Kc6 45. Rc7+ Kd5 46. d7
Ne6 47. d8=Q+ Nxd8 48. Rd7+ Kc6 49. Rxd8 Kc7 50. a4 Kc6 51. a5 Kxc5 52. a6 Kb6
53. a7 Kxa7 54. Rd7+ Kb6 55. Rxf7 Kb5 56. e6 Kc4 57. e7 Kb4 58. e8=Q Kc5 59.
Rf6 Kc4 60. Qf7+ Kc3 61. Rxg6 Kb2 62. Rg5 {Time forfeit} 1-0

[Event "Rated Blitz game"]
[Site "?"]
[Date "2021.05.10"]
[Round "?"]
[White "GoughPhar"]
[Black "gmftorres1"]
[Result "1-0"]
[ECO "C46"]
[WhiteElo "2461"]
[BlackElo "2484"]
[PlyCount "95"]
[EventDate "2021.??.??"]
[EventType "blitz"]
[TimeControl "180"]

1. e4 e5 2. Nf3 Nc6 3. Nc3 Nf6 4. Nxe5 Nxe5 5. d4 Ng6 6. e5 Ng8 7. Bc4 d5 8.
Bxd5 c6 9. Bb3 Be6 10. Bxe6 fxe6 11. Qg4 Qd7 12. Ne4 O-O-O 13. c3 Be7 14. h4
Nh6 15. Bxh6 gxh6 16. h5 Nh4 17. Rxh4 Bxh4 18. Qxh4 Kb8 19. Nd6 Rdf8 20. a4
Rhg8 21. Qe4 Rg5 22. Ra3 Ka8 23. Rb3 Rb8 24. a5 Rxh5 25. a6 b6 26. Rb4 b5 27.
c4 Rh1+ 28. Kd2 bxc4 29. Rxc4 Rb6 30. Qf3 Rxb2+ 31. Kc3 Rb6 32. Rb4 Rxb4 33.
Kxb4 Rb1+ 34. Kc3 Rb8 35. g4 Qc7 36. Kc4 Qb6 37. Qa3 Qb1 38. Qa4 Qf1+ 39. Kc5
Rb6 40. Nc4 Qc1 41. Kd6 Qc3 42. Nxb6+ Kb8 43. Nd7+ Kc8 44. Qxc6+ Kd8 45. Qxc3
Ke8 46. Qc8+ Kf7 47. Qf8+ Kg6 48. Qf6# {Normal} 1-0

[Event "Rated Blitz game"]
[Site "?"]
[Date "2021.05.10"]
[Round "?"]
[White "soul0fpeace1"]
[Black "WHAFLC-Aca"]
[Result "1-0"]
[ECO "C46"]
[WhiteElo "2722"]
[BlackElo "2674"]
[PlyCount "109"]
[EventDate "2021.??.??"]
[EventType "blitz"]
[TimeControl "180"]

1. e4 e5 2. Nf3 Nc6 3. Nc3 Nf6 4. Nxe5 Nxe5 5. d4 Nc6 6. d5 Bb4 7. dxc6 bxc6 8.
Bd3 O-O 9. O-O d5 10. e5 Ng4 11. a3 Qh4 12. Bf4 Bc5 13. Bg3 Qg5 14. Na4 Bb6 15.
Nxb6 axb6 16. f4 Qe7 17. Qf3 f5 18. Rad1 Be6 19. c3 Qc5+ 20. Kh1 Qe3 21. h3
Qxf3 22. Rxf3 Nh6 23. Rff1 Nf7 24. Bh4 h6 25. g4 Nh8 26. g5 Ng6 27. Bg3 hxg5
28. fxg5 f4 29. Bxg6 fxg3 30. Kg2 Bf7 31. Bf5 Rae8 32. Rde1 Be6 33. Bxe6+ Rxe6
34. Rxf8+ Kxf8 35. h4 g6 36. Kxg3 Kg7 37. Kf4 Kf7 38. Rh1 Re8 39. h5 gxh5 40.
Rxh5 Rf8 41. Rh6 Ke7+ 42. Rf6 Rh8 43. Rxc6 Kd7 44. Rh6 Rf8+ 45. Kg4 Rf1 46.
Rh7+ Ke6 47. Kh5 Kxe5 48. g6 Rh1+ 49. Kg5 Rg1+ 50. Kh6 c5 51. g7 d4 52. cxd4+
cxd4 53. Rh8 Ke4 54. Re8+ Kd3 55. g8=Q {Time forfeit} 1-0

[Event "Rated Rapid game"]
[Site "?"]
[Date "2021.05.10"]
[Round "?"]
[White "Twenty-One"]
[Black "Login22"]
[Result "1-0"]
[ECO "C46"]
[WhiteElo "2504"]
[BlackElo "2509"]
[PlyCount "76"]
[EventDate "2021.??.??"]
[EventType "rapid"]
[TimeControl "600"]

1. e4 e5 2. Nf3 Nc6 3. Nc3 Nf6 4. Nxe5 Nxe5 5. d4 Ng6 6. e5 Ng8 7. Bc4 d6 8.
Qf3 Qd7 9. O-O Qf5 10. Re1 Qxf3 11. exd6+ Kd8 12. dxc7+ Kxc7 13. gxf3 a6 14.
Bxf7 Bd6 15. Bg5 Nh6 16. Nd5+ Kb8 17. Bxg6 hxg6 18. Rad1 Ka7 19. Ne7 Bf5 20. c4
Bxh2+ 21. Kxh2 Nf7+ 22. Kg2 Nxg5 23. f4 Nf7 24. Nxf5 gxf5 25. Re7 Nd6 26. c5
Ne4 27. c6 Rab8 28. d5 Kb6 29. c7 Rbc8 30. d6 Nxd6 31. Rxd6+ Ka7 32. Rxg7 Rhg8
33. Rdd7 Rxg7+ 34. Rxg7 Kb6 35. Kg3 Rxc7 36. Rxc7 Kxc7 37. Kh4 Kd6 38. Kg5 Ke6
{Normal} 1-0

[Event "Rated Blitz game"]
[Site "?"]
[Date "2021.05.10"]
[Round "?"]
[White "GoughPhar"]
[Black "Mariay2012"]
[Result "0-1"]
[ECO "C46"]
[WhiteElo "2437"]
[BlackElo "2316"]
[PlyCount "42"]
[EventDate "2021.??.??"]
[EventType "blitz"]
[TimeControl "180"]

1. e4 e5 2. Nf3 Nc6 3. Nc3 Nf6 4. Nxe5 Nxe5 5. d4 Ng6 6. e5 Ng8 7. Bc4 d5 8.
Bxd5 N8e7 9. Bb3 Nf5 10. Be3 Be7 11. h4 Nxe3 12. fxe3 Bxh4+ 13. Kd2 Bg5 14. Qf3
O-O 15. Rh5 Qxd4+ 16. Ke2 Qxe5 17. Rah1 h6 18. Ne4 Be6 19. Rxg5 hxg5 20. Qh5
Rfe8 21. Nxg5 Nf4+ {Normal} 0-1

[Event "Rated Blitz game"]
[Site "?"]
[Date "2021.05.10"]
[Round "?"]
[White "GoughPhar"]
[Black "HuruHara"]
[Result "1-0"]
[ECO "C46"]
[WhiteElo "2437"]
[BlackElo "2258"]
[PlyCount "39"]
[EventDate "2021.??.??"]
[EventType "blitz"]
[TimeControl "180"]

1. e4 e5 2. Nf3 Nc6 3. Nc3 Nf6 4. Nxe5 Nxe5 5. d4 Ng6 6. e5 Be7 7. exf6 Bxf6 8.
h4 d5 9. h5 Ne7 10. Bd3 Bf5 11. Bf4 c6 12. g4 Bxd3 13. Qxd3 h6 14. O-O-O Qd7
15. Rde1 O-O-O 16. Na4 Qxg4 17. Be5 Qf5 18. Qb3 Bxe5 19. Rxe5 Rhe8 20. Rxf5 {
Normal} 1-0

[Event "Rated Blitz game"]
[Site "?"]
[Date "2021.05.10"]
[Round "?"]
[White "GoughPhar"]
[Black "BLITZ16"]
[Result "1-0"]
[ECO "C46"]
[WhiteElo "2429"]
[BlackElo "2348"]
[PlyCount "89"]
[EventDate "2021.??.??"]
[EventType "blitz"]
[TimeControl "180"]

1. e4 e5 2. Nf3 Nc6 3. Nc3 Nf6 4. Nxe5 Nxe5 5. d4 Ng6 6. e5 Ng8 7. Bc4 Bb4 8.
Qf3 Bxc3+ 9. bxc3 f6 10. O-O d6 11. Re1 dxe5 12. dxe5 f5 13. Ba3 N8e7 14. Rad1
Bd7 15. e6 Bc6 16. Rxd8+ Rxd8 17. Qe2 O-O 18. h4 Rfe8 19. Bxe7 Rxe7 20. g3 f4
21. h5 f3 22. Qe3 Nf8 23. Qc5 Rde8 24. Kh2 Nxe6 25. Qf5 Bd7 26. Qxf3 h6 27.
Qxb7 Kh8 28. Bxe6 Bxe6 29. Rxe6 Rxe6 30. Qxa7 Re2 31. a4 Rxc2 32. a5 Rxc3 33.
a6 Ra3 34. Qb7 Re2 35. Qc8+ Kh7 36. Qf5+ Kh8 37. Qf8+ Kh7 38. Qxa3 Rxf2+ 39.
Kh3 g5 40. hxg6+ Kxg6 41. Qd3+ Kg5 42. Qe3+ Rf4 43. Qxf4+ Kh5 44. a7 c5 45.
Qg4# {Normal} 1-0

[Event "Rated Blitz tournament 4ja4glRM"]
[Site "?"]
[Date "2021.05.09"]
[Round "?"]
[White "sim13a"]
[Black "Torjaeger10"]
[Result "1-0"]
[ECO "C46"]
[WhiteElo "2401"]
[BlackElo "2347"]
[PlyCount "101"]
[EventDate "2021.??.??"]
[EventType "blitz"]
[TimeControl "180"]

1. e4 e5 2. Nf3 Nc6 3. Nc3 Nf6 4. Nxe5 Nxe5 5. d4 Ng6 6. e5 d6 7. exf6 Qxf6 8.
Bd3 c6 9. O-O Be7 10. Ne4 Qe6 11. Re1 Qd7 12. c4 O-O 13. h3 d5 14. Ng5 Bf6 15.
c5 Qc7 16. Nf3 Nf4 17. Bxf4 Qxf4 18. Ne5 Bf5 19. Bxf5 Qxf5 20. Qf3 Qxf3 21.
Nxf3 Rfe8 22. Kf1 Kf8 23. b4 a5 24. Rab1 axb4 25. Rxb4 Rxe1+ 26. Kxe1 Rxa2 27.
Rxb7 Ra1+ 28. Ke2 Ra2+ 29. Ke3 Ra3+ 30. Kf4 Ra4 31. Rc7 Bxd4 32. Nxd4 Rxd4+ 33.
Ke5 Re4+ 34. Kd6 d4 35. Kxc6 Re6+ 36. Kd5 d3 37. Kc4 d2 38. Rd7 Re2 39. c6 Ke8
40. Rd4 Rxf2 41. c7 d1=Q 42. c8=Q+ Ke7 43. Qd8+ Ke6 44. Rxd1 Rc2+ 45. Kb3 Rc6
46. Qe8+ Kf6 47. Qxc6+ Kg5 48. Qe4 f5 49. Rd5 Kh6 50. Qxf5 g6 51. Qf8# {Normal}
1-0

[Event "Rated Blitz tournament 26XVe6Gp"]
[Site "?"]
[Date "2021.05.09"]
[Round "?"]
[White "Grobben"]
[Black "Jonas_MD1"]
[Result "1-0"]
[ECO "C46"]
[WhiteElo "2254"]
[BlackElo "2501"]
[PlyCount "77"]
[EventDate "2021.??.??"]
[EventType "blitz"]
[TimeControl "180"]

1. e4 e5 2. Nf3 Nc6 3. Nc3 Nf6 4. Nxe5 Nxe5 5. d4 Ng6 6. f4 d5 7. e5 Ne4 8. Bd3
Qh4+ 9. g3 Nxg3 10. hxg3 Qxh1+ 11. Ke2 Qxd1+ 12. Nxd1 c6 13. f5 Ne7 14. g4 h5
15. f6 gxf6 16. exf6 Ng6 17. g5 Bd6 18. Nf2 Bd7 19. c4 O-O-O 20. c5 Bf4 21. b4
Bxc1 22. Rxc1 Nf4+ 23. Kf3 Nxd3 24. Nxd3 Rhg8 25. Kf4 Rde8 26. Ne5 Bg4 27. a4
Rxe5 28. dxe5 Kd7 29. b5 Ke6 30. Rb1 Rd8 31. bxc6 bxc6 32. Rb7 Rd7 33. Rb8 d4
34. Re8+ Kd5 35. Re7 d3 36. e6 Bxe6 37. Ke3 Kxc5 38. Rxd7 Bxd7 39. g6 {Normal}
1-0

[Event "Rated Blitz game"]
[Site "?"]
[Date "2021.05.09"]
[Round "?"]
[White "lederman"]
[Black "LeandroaMP"]
[Result "1-0"]
[ECO "C46"]
[WhiteElo "2424"]
[BlackElo "2503"]
[PlyCount "55"]
[EventDate "2021.??.??"]
[EventType "blitz"]
[TimeControl "180+2"]

1. e4 e5 2. Nf3 Nc6 3. Nc3 Nf6 4. Nxe5 Nxe5 5. d4 Nc6 6. e5 Ng8 7. Bc4 d5 8.
Bxd5 Bb4 9. Qf3 Bxc3+ 10. bxc3 Qd7 11. O-O Nh6 12. Bxh6 gxh6 13. e6 fxe6 14.
Rfe1 Qd6 15. Rab1 Bd7 16. Qh5+ Kd8 17. Bf3 Kc8 18. Qxh6 a5 19. Qg7 Rf8 20. c4
Nxd4 21. Bxb7+ Kb8 22. Bc6+ Ka7 23. Bxd7 Rg8 24. Qxh7 Nf3+ 25. Kf1 Nxh2+ 26.
Ke2 Qe5+ 27. Kd2 Qd4+ 28. Kc1 {Time forfeit} 1-0

[Event "Rated Blitz game"]
[Site "?"]
[Date "2021.05.09"]
[Round "?"]
[White "sim13a"]
[Black "RomanHerrmann26"]
[Result "0-1"]
[ECO "C46"]
[WhiteElo "2434"]
[BlackElo "2425"]
[PlyCount "110"]
[EventDate "2021.??.??"]
[EventType "blitz"]
[TimeControl "180"]

1. e4 e5 2. Nf3 Nc6 3. Nc3 Nf6 4. Nxe5 Nxe5 5. d4 Ng6 6. e5 Ng8 7. Bc4 Bb4 8.
O-O N8e7 9. Ne4 d5 10. exd6 cxd6 11. c3 Ba5 12. h4 O-O 13. h5 d5 14. hxg6 Nxg6
15. Bd3 dxe4 16. Bxe4 Bc7 17. Qh5 Rb8 18. Bd3 Qh4 19. Bxg6 Bh2+ 20. Kh1 Bg3+
21. Qxh4 Bxh4 22. Bd3 b5 23. a3 a5 24. Be3 Bf6 25. Be4 b4 26. axb4 axb4 27. c4
Rd8 28. Rfd1 Be6 29. d5 Bg4 30. f3 Bh5 31. Rab1 b3 32. Bd4 Bg6 33. Bxf6 gxf6
34. Bxg6 hxg6 35. Kg1 Rbc8 36. Rbc1 Rc5 37. Kf2 Rdc8 38. Rd4 Kf8 39. Ke3 Ke7
40. Kd3 Kd6 41. Rc3 Rb8 42. Rh4 Ra5 43. Kd4 Ra2 44. c5+ Kd7 45. Rh7 Rxb2 46.
Rxf7+ Ke8 47. Rxf6 Rd2+ 48. Ke5 b2 49. Rxg6 b1=Q 50. Rg8+ Kf7 51. Rxb8 Qxb8+
52. d6 Re2+ 53. Kd5 Qb7+ 54. Kd4 Qb4+ 55. Rc4 Rd2+ {Normal} 0-1

[Event "Rated Rapid game"]
[Site "?"]
[Date "2021.05.09"]
[Round "?"]
[White "brunosten"]
[Black "MagsenKarlnus"]
[Result "0-1"]
[ECO "C46"]
[WhiteElo "2489"]
[BlackElo "2452"]
[PlyCount "56"]
[EventDate "2021.??.??"]
[EventType "rapid"]
[TimeControl "600"]

1. e4 e5 2. Nf3 Nc6 3. Nc3 Nf6 4. Nxe5 Nxe5 5. d4 Ng6 6. e5 Ng8 7. Bc4 d5 8.
Bxd5 c6 9. Bb3 Bb4 10. O-O Bxc3 11. bxc3 N8e7 12. f4 h5 13. Ba3 Nf5 14. Qd3
Nge7 15. Rad1 a5 16. Bxe7 Qxe7 17. a4 Be6 18. c4 Rd8 19. d5 Qc5+ 20. Kh1 h4 21.
Rf3 cxd5 22. cxd5 Ng3+ 23. Rxg3 hxg3 24. Qxg3 Bxd5 25. Qxg7 Rf8 26. e6 Bxb3 27.
exf7+ Bxf7 28. Re1+ Kd7 {Normal} 0-1